 Dungeon Crawl Stone Soup version 0.22-a0-609-gfedc9ff (webtiles) character file.

46 rgaf the Slasher (level 3, 0/28 HPs)
             Began as a Vampire Fighter on July 11, 2018.
             Was an Initiate of Makhleb.
             Slain by Robin
             ... wielding a +1 vampiric dagger
              (2 damage)
             ... on level 2 of the Dungeon.
             The game lasted 00:01:30 (1326 turns).

rgaf the Slasher (Vampire Fighter)                  Turns: 1326, Time: 00:01:30

Health: 0/28       AC:  7    Str: 21    XL:     3   Next: 44%
Magic:  3/3        EV: 11    Int: 10    God:    Makhleb [......]
Gold:   69         SH:  9    Dex: 13    Spells: 2/2 levels left

rFire    . . .     SeeInvis +   a - +0 long sword
rCold    + . .     Gourm    .   c - +0 shield
rNeg     + + .     Faith    .   b - +0 scale mail
rPois    +         Spirit   .   (no helmet)
rElec    .         Reflect  .   (no cloak)
rCorr    .         Harm     .   r - +0 pair of gloves
MR       .....                  (no boots)
Stlth    +.........             (no amulet)
HPRegen  0.04/turn              p - +4 ring of evasion
MPRegen  0.08/turn              (no ring)

@: mighty, regenerating slowly
A: fangs 3, see invisible, unbreathing
a: Bat Form, Renounce Religion


You were on level 2 of the Dungeon.
You worshipped Makhleb.
Makhleb was noncommittal.
You were very thirsty.

You visited 1 branch of the dungeon, and saw 2 of its levels.

You collected 69 gold pieces.

Inventory:

Hand Weapons
 a - a +0 long sword (weapon)
Missiles
 m - 3 stones (quivered)
Armour
 b - a +0 scale mail (worn)
 c - a +0 shield (worn)
 j - a +0 shield
 r - a +0 pair of gloves (worn)
Jewellery
 p - a +4 ring of evasion (left hand)
Scrolls
 f - a scroll of magic mapping {unknown}
 h - 2 scrolls of remove curse {unknown}
 l - a scroll of fear {unknown}
 o - a scroll of identify {unknown}
 q - a scroll of teleportation {unknown}
Potions
 e - 14 potions of blood
 g - a potion of curing {unknown}
 i - a potion of heal wounds {unknown}
 k - a potion of brilliance {unknown}
 n - a potion of lignification {unknown}


   Skills:
 - Level 2.6 Fighting
 + Level 3.9 Long Blades
 - Level 2.4 Armour
 - Level 2.6 Shields


You had 2 spell levels left.
You didn't know any spells.
Your spell library was empty.

Dungeon Overview and Level Annotations

Branches:
Dungeon (2/15)

Altars:
Makhleb
Vehumet
The Shining One

Annotations:
D:2 Robin


Innate Abilities, Weirdness & Mutations

You heal slowly.
You have razor-sharp teeth.
You have supernaturally acute eyesight. (SInv)
You can survive without breathing.


Message History

Your shield prevents you from hitting the goblin.
Your bite misses the goblin. You block the goblin's attack.
You feel very mighty all of a sudden. The hobgoblin hits you.
* * * LOW HITPOINT WARNING * * *
The goblin hits you but does no damage. The goblin misses you.
You riposte.
You barely miss the goblin. You hit the goblin.
You kill the goblin!
Makhleb accepts your kill. You block the hobgoblin's attack.
The goblin barely misses you. The hobgoblin barely misses you.
Things that are here:
a hunting sling; 20 stones You slash the hobgoblin!
You kill the hobgoblin!
Makhleb accepts your kill.
The goblin no longer looks unusually strong.
The goblin closely misses you. Robin hits you with a vampiric dagger.
You die...

#...gg###>...#..#....#
.....###g#
#..........#. ####.
#.###..##....### #.
#.##...####### #.
#.##.#.#######
#.†._.(.......
####.######### #..†g#
#)##@# #.gg.# ######


You could see Robin and 2 goblins.

Vanquished Creatures
  An ooze (D:1)
  3 leopard geckos
  2 ball pythons (D:1)
  3 bats (D:1)
  A giant cockroach (D:2)
  5 goblins
  4 hobgoblins
  7 jackals (D:1)
  3 kobolds
  2 frilled lizards (D:1)
  3 rats (D:1)
34 creatures vanquished.

Notes
Turn   | Place    | Note
-------+----------+-------------------------------------------
     0 | D:1      | rgaf the Vampire Fighter began the quest for the Orb.
     0 | D:1      | Reached XP level 1. HP: 17/17 MP: 1/1
   149 | D:1      | Reached XP level 2. HP: 23/23 MP: 2/2
   264 | D:1      | Reached skill level 3 in Long Blades
   737 | D:1      | Reached XP level 3. HP: 28/28 MP: 3/3
  1272 | D:2      | Found a burning altar of Makhleb.
  1272 | D:2      | Found a glowing golden altar of the Shining One.
  1275 | D:2      | Found a radiant altar of Vehumet.
  1284 | D:2      | Noticed Robin
  1293 | D:2      | Became a worshipper of Makhleb the Destroyer
  1326 | D:2      | Slain by Robin

Vault maps used:
D:1:      kilobyte_arrival_exit_the_forest, minmay_split_cup_large
D:2:      chequers_temple_overflow_statue_of_worship, lemuel_crystal_altar,
          dk_vineyard_1, minmay_misc_feat_plants, uniq_robin

Skill      XL: |  1  2 |
---------------+-------+-----
Long Blades    | 3 |  3.9
Fighting       | |  2.6
Armour         | |  2.4
Shields        | |  2.6

Action                   || total
-------------------------++-------
Melee: Long sword        ||   106
       Bite              ||     9
  Use: Potion            ||     1
Armor: Scale mail        ||    72
Dodge: Dodged            ||    45
Block: Shield            ||    65
       Rpst.: Long sword ||    12

Table legend:
 A = Spawn XP
 B = Non-spawn XP
 C = Spawn XP percentage of total XP
 D = Spawn monster count
 E = Non-spawn monster count
 F = Spawn count percentage of total count
 G = Total turns spent on level
                    A         B        C        D         E        F      G
               +---------+---------+-------+---------+---------+-------+---------
         Total |       0 |      66 |   0.0 |       0 |      34 |   0.0 |  1326
               +---------+---------+-------+---------+---------+-------+---------
           D:1 |       0 |      53 |   0.0 |       0 |      27 |   0.0 |  1172
           D:2 |       0 |      13 |   0.0 |       0 |       7 |   0.0 |   154
               +---------+---------+-------+---------+---------+-------+---------
